 Dungeon Crawl Stone Soup version 0.29.1-1-gd02db6906a (webtiles) character file.

Game seed: 18125799716492933772

108 Anriel the Covered (level 4, -3/29 HPs)
             Began as a Gargoyle Fighter on Oct 12, 2022.
             Slain by Sigmund
             ... wielding a +0 scythe
              (6 damage)
             ... on level 2 of the Dungeon.
             The game lasted 00:11:37 (1213 turns).

Anriel the Covered (Gargoyle Fighter)               Turns: 1213, Time: 00:11:37

Health: -3/29      AC: 10    Str: 22 (25) XL:     4   Next: 87%
Magic:  4/4        EV:  9    Int:  3 (6)  God:
Gold:   58         SH:  3    Dex:  5 (8)  Spells: 3/3 levels left

rFire   . . .      SeeInvis .   a - +0 flail
rCold   . . .      Faith    .   c - +0 buckler
rNeg    + . .      Spirit   .   b - +0 scale mail
rPois   ∞          Reflect  .   (no helmet)
rElec   +          Harm     .   (no cloak)
rCorr   .          Rampage  .   (no gloves)
Will    .....                   (no boots)
Stlth   ..........              (no amulet)
HPRegen 0.09/turn               (no ring)
MPRegen 0.09/turn               (no ring)

@: no status effects
A: sickness immunity, AC +3, negative energy resistance 1, electricity
resistance, torment resistance 1, petrification resistance, dopey 1, strong 1
a: no special abilities


You were on level 2 of the Dungeon.
You visited 1 branch of the dungeon, and saw 2 of its levels.

You collected 58 gold pieces.

Inventory:

Hand Weapons
 a - a +0 flail (weapon)
Armour
 b - a +0 scale mail (worn)
 c - a +0 buckler (worn)
 d - a +2 robe of fire resistance
Scrolls
 f - a scroll of magic mapping {unknown}
 h - 2 scrolls of identify {unknown}
 i - a scroll of immolation {unknown}
 j - a scroll of fog {unknown}
Potions
 e - 2 potions of mutation


   Skills:
 + Level 3.8 Fighting
 + Level 3.2 Maces & Flails
 * Level 4.1 Armour
 + Level 0.8 Dodging
 + Level 3.7 Shields


You had 3 spell levels left.
You didn't know any spells.
Your spell library was empty.

Dungeon Overview and Level Annotations

Branches:
Dungeon (2/15)

Altars:

Shops:
D:1 *

Annotations:
D:2 Sigmund


Innate Abilities, Weirdness & Mutations

You are immune to sickness and miasma.
Your stone body is resilient. (AC +3)
You are immune to poison.
You resist negative energy. (rN+)
You are resistant to electric shocks. (rElec)
You are resistant to unholy torment.
You are immune to petrification.
You are dopey. (Int -2)
Your muscles are strong. (Str +4, Int/Dex -1)


Message History

The bat hits you but does no damage. Sigmund hits you but does no damage.
Things that are here:
a +0 whip; a frilled lizard corpse You miss the bat.
The bat hits you but does no damage. You block the bat's attack.
You block Sigmund's attack. The bat attacks as you move away!
The bat hits you but does no damage. The bat hits you.
The bat hits you but does no damage.
You sock the bat!
You kill the bat!
It was a potion of degeneration.
There was something very wrong with that liquid.
You feel weakened.
You feel dopey.
You feel clumsy.
You completely miss Sigmund. Sigmund casts a spell at you.
The magic dart hits you.
You closely miss Sigmund. Sigmund barely misses you.
You hit Sigmund.
Sigmund is lightly wounded.
Sigmund screams, "You will never...
NEVER!!!"
Sigmund hits you with a +0 scythe!
You sock Sigmund!
Sigmund is heavily wounded.
You block Sigmund's attack.
You thump Sigmund!
Sigmund is severely wounded.
Sigmund hits you with a +0 scythe.
* * * LOW HITPOINT WARNING * * *
You closely miss Sigmund.
Sigmund is severely wounded.
You barely miss Sigmund.
Sigmund is severely wounded.
Sigmund barely misses you.
It was a potion of mutation.
You feel extremely strange.
You feel stronger.
You feel stupid. Sigmund hits you with a +0 scythe.
* * * LOW HITPOINT WARNING * * *
Okay, then.
Sigmund attacks as you move away! Sigmund hits you with a +0 scythe.
You die...

#.....###..>'.........+
.. #.#...#
#.###.........# ..
#.###.###(# ##.......##
#.###.....# ##..)..##
#........## ##...##
#######.## ##'## #.#
#####.# ##.## #.@..>#
#...####@#)#####
#........#.@...#
#...####.#..#.....#
##### #.#..#.###..#
####†#.. .# #)##.. ..
#..#... #. ##[##...
#.## #..##...#..#


You could see Sigmund.

Vanquished Creatures
  Jessica (D:2)
  4 adders (D:2)
  A dart slug (D:2)
  7 bats
  2 endoplasms
  4 giant cockroaches
  5 hobgoblins
  6 kobolds
  A quokka (D:1)
  5 ball pythons
  2 frilled lizards
  7 rats
45 creatures vanquished.

Notes
Turn   | Place    | Note
-------+----------+-------------------------------------------
     0 | D:1      | Anriel the Gargoyle Fighter began the quest for the Orb.
     0 | D:1      | Reached XP level 1. HP: 14/14 MP: 1/1
     1 | D:1      | Found Xyray's Assorted Antiques.
   144 | D:1      | Reached XP level 2. HP: 16/19 MP: 2/2
   389 | D:1      | Found a faded altar of an unknown god.
   458 | D:1      | Reached XP level 3. HP: 18/23 MP: 3/3
   826 | D:2      | Noticed Jessica
   844 | D:2      | Killed Jessica
   845 | D:2      | Reached skill level 4 in Armour
   845 | D:2      | Reached XP level 4. HP: 12/29 MP: 4/4
  1143 | D:2      | Noticed Sigmund
  1212 | D:2      | Gained mutation: Your muscles are strong. (Str +4, Int/Dex
                  | -1) [potion of mutation]
  1212 | D:2      | Gained mutation: You are dopey. (Int -2) [potion of
                  | mutation]
  1213 | D:2      | Slain by Sigmund

Illustrated notes

Levels and vault maps discovered:
D:1:      dpeg_arrival_windows_large_door, layout_basic, serial_shops, shop,
          ebering_ecumenical_altar_rust
D:2:      minmay_evil_eye, layout_loops_corners, minivault_11,
          nicolae_concentric_dashed_squares_wild, uniq_sigmund, uniq_terence,
          uniq_jessica

Skill      XL: |  1  2  3  4 |
---------------+-------------+-----
Armour         | 4 |  4.1
Maces & Flails | 3 |  3.2
Fighting       | |  3.8
Dodging        | |  0.8
Shields        | |  3.7

Action                   |  1- 3 |  4- 6 || total
-------------------------+-------+-------++-------
Melee: Flail             |   137 |    55 ||   192
  Use: Potion            |     1 |     2 ||     3
Armor: Scale mail        |    82 |    30 ||   112
Dodge: Dodged            |    78 |    28 ||   106
Block: Buckler           |    39 |    10 ||    49
